 Dungeon Crawl Stone Soup version 0.28-a0-1510-gd0f6b136d3 (webtiles) character file.

Game seed: 16622548092569723390

140 hatsuma the Magician (level 5, -2/28 HPs)
             Began as a Deep Elf Hedge Wizard on Jan 14, 2022.
             Slain by Blork the orc (6 damage)
             ... on level 4 of the Dungeon on Jan 15, 2022.
             The game lasted 00:30:56 (3392 turns).

hatsuma the Magician (Deep Elf Hedge Wizard)        Turns: 3392, Time: 00:31:03

Health: -2/28      AC:  3    Str:  7    XL:     5   Next: 2%
Magic:  4/14       EV: 12    Int: 21    God:
Gold:   89         SH:  0    Dex: 14    Spells: 2/14 levels left

rFire   + . .      SeeInvis .   d - staff of fire
rCold   . . .      Faith    .   (no shield)
rNeg    + . .      Spirit   .   j - +0 robe {rN+}
rPois   .          Reflect  .   c - +0 hat
rElec   .          Harm     .   (no cloak)
rCorr   .          Rampage  .   (no gloves)
Will    +....                   f - +0 pair of boots
Stlth   ++........              (no amulet)
HPRegen 0.09/turn               e - ring of willpower
MPRegen 0.14/turn               (no ring)

@: very slightly contaminated
A: no striking features
a: no special abilities


You were on level 4 of the Dungeon.
You visited 1 branch of the dungeon, and saw 4 of its levels.

You collected 89 gold pieces.

Inventory:

Hand Weapons
 k - a +0 dagger of electrocution
Missiles
 i - 6 poisoned darts
Armour
 c - a +0 hat (worn)
 f - a +0 pair of boots (worn)
 j - a +0 robe of positive energy (worn)
Magical Staves
 d - a staff of fire (weapon)
Jewellery
 e - a ring of willpower (left hand)
Scrolls
 g - 2 scrolls of immolation
 h - a scroll of fog
Potions
 b - 2 potions of attraction


   Skills:
 - Level 2.4 Dodging
 - Level 2.4 Stealth
 - Level 5.1 Spellcasting
 - Level 2.0 Conjurations
 - Level 2.0 Hexes
 - Level 2.0 Summonings
 + Level 1.3 Translocations
 - Level 2.5 Fire Magic
 - Level 1.0 Air Magic
 - Level 1.0 Poison Magic
 - Level 0.2 Evocations


You had 2 spell levels left.
You knew the following spells:

 Your Spells              Type           Power      Damage    Failure   Level
a - Magic Dart            Conj           52%        1d5       4%          1
b - Slow                  Hex            52%        N/A       4%          1
c - Call Imp              Summ           13%        N/A       7%          2
d - Blink                 Tloc           22%        N/A       9%          2
e - Mephitic Cloud        Conj/Pois/Air  11%        N/A       19%         3
f - Conjure Flame         Conj/Fire      22%        6-21      13%         3

Your spell library contained the following spells:

 Spells                   Type           Power      Damage    Failure   Level


Dungeon Overview and Level Annotations

Branches:
Dungeon (4/15)
 Temple: D:4-7

Altars:
Ashenzari
Dithmenos
Vehumet
Yredelemnul

Portals:
Abyss: D:3

Annotations:
D:3 2 transporters
D:4 Blork the orc, Menkaure


Message History

Casting: Slow (safe; 4% risk of failure)
Confirm with . or Enter, or press ? or * to list all spells.
Aiming: Magic Dart (safe; 4% risk of failure)
Press: ? - help, Shift-Dir - straight line, f/p - Blork the orc
Aim: Blork the orc, wielding a +0 long sword and wearing a +0 robe (lightly wounded, fast, slow, ally target, 100% to hit)
The magic dart hits Blork the orc.
Blork the orc is moderately wounded.
Blork the orc frowns.
Blork the orc hits you but does no damage.
Your crimson imp hits Blork the orc but does no damage.
Your crimson imp blinks!
Casting: Magic Dart (safe; 4% risk of failure)
Confirm with . or Enter, or press ? or * to list all spells.
Okay, then.
Casting: Magic Dart (safe; 4% risk of failure)
Confirm with . or Enter, or press ? or * to list all spells.
You miscast Blink.
You are very lightly contaminated with residual magic.
Nothing appears to happen.
Blork the orc looks angry.
Blork the orc hits you with a +0 long sword.
* * * LOW HITPOINT WARNING * * *
Casting: Blink (safe; 9% risk of failure)
Confirm with . or Enter, or press ? or * to list all spells.
You blink.
As you read the scroll of fog, it crumbles to dust.
The scroll dissolves into smoke.
Your crimson imp hits Blork the orc but does no damage.
Your crimson imp hits Blork the orc.
Casting: Blink (safe; 9% risk of failure)
Confirm with . or Enter, or press ? or * to list all spells.
You are still too unstable to blink.
Menkaure, Prince of Dust comes into view.
As you read the scroll labelled VORHOO NAYNO, it crumbles to dust.
Your body is wracked with pain!
* * * LOW HITPOINT WARNING * * *
Blork the orc convulses!
It was a scroll of torment.
You feel stable enough to blink again.
Blork the orc hits you with a +0 long sword.
You die...

#..M# #...#
#...# #...#
#...# #...##...#
#...##...#
#...##@§§#
#...##o§§#
#...##§5§#
######
#...##§§§#+#....
#...#§§§§....#
#.#§§§§....#
#.#....§...#
#..#...#..<#
##.#...###.#


You could see Blork the orc (fast, slow, ally target), Menkaure (dormant) and a
friendly crimson imp (summoned).

Vanquished Creatures
  2 adders (D:2)
  A worm (D:3)
  2 dart slugs
  2 orcs (D:3)
  2 ball pythons
  4 bats
  4 endoplasms
  2 giant cockroaches
  8 goblins
  3 hobgoblins
  5 jackals
  3 quokkas
  2 frilled lizards (D:2)
  4 kobolds
  8 rats
52 creatures vanquished.

Vanquished Creatures (collateral kills)
  Jessica (D:3)
  An adder (D:3)
  An orc (D:3)
  A bat (D:2)
  An endoplasm (D:1)
  A giant cockroach (D:2)
  A goblin (D:2)
  3 hobgoblins
  5 jackals
  A kobold (D:2)
  A rat (D:2)
17 creatures vanquished.

Grand Total: 69 creatures vanquished

Notes
Turn   | Place    | Note
-------+----------+-------------------------------------------
     0 | D:1      | hatsuma the Deep Elf Hedge Wizard began the quest for the
                  | Orb.
     0 | D:1      | Reached XP level 1. HP: 10/10 MP: 7/7
     2 | D:1      | Learned a level 1 spell: Slow
   133 | D:1      | Reached skill level 5 in Spellcasting
   133 | D:1      | Reached XP level 2. HP: 15/15 MP: 5/10
   136 | D:1      | Learned a level 2 spell: Call Imp
   139 | D:1      | Learned a level 2 spell: Blink
   286 | D:1      | Reached skill level 1 in Hexes
   871 | D:1      | Reached XP level 3. HP: 15/19 MP: 7/11
   931 | D:1      | Learned a level 3 spell: Mephitic Cloud
   935 | D:1      | Learned a level 3 spell: Conjure Flame
  1134 | D:2      | Reached skill level 1 in Fire Magic
  1184 | D:2      | Reached skill level 1 in Poison Magic
  1462 | D:2      | Reached skill level 1 in Air Magic
  1609 | D:2      | Reached XP level 4. HP: 17/24 MP: 11/13
  2054 | D:3      | Noticed a small abomination
  2063 | D:3      | Found a transporter.
  2063 | D:3      | Noticed a kobold brigand
  2066 | D:3      | Found a transporter.
  2072 | D:3      | Found a one-way gate to the infinite horrors of the Abyss.
  2092 | D:3      | Found a basalt altar of Yredelemnul.
  2092 | D:3      | Noticed Jessica
  2097 | D:3      | Killed Jessica
  2132 | D:3      | Noticed a small abomination
  2260 | D:3      | Found a faded altar of an unknown god.
  2552 | D:3      | Found a broken altar of Ashenzari.
  2552 | D:3      | Found a shadowy altar of Dithmenos.
  2553 | D:3      | Found a radiant altar of Vehumet.
  3128 | D:3      | Reached XP level 5. HP: 23/28 MP: 9/14
  3365 | D:4      | Noticed Blork the orc
  3391 | D:4      | Noticed Menkaure
  3392 | D:4      | Slain by Blork the orc

Illustrated notes

Levels and vault maps discovered:
D:1:      wander_arrival_lonely_grave, layout_rooms
D:2:      layout_rooms, kennysheep_generic_room_8
D:3:      layout_loops_corners, yredelemnul_altar_generic,
          chequers_temple_overflow_statue_of_worship,
          gammafunk_ghost_abyssal_escape, chequers_ecumenical_altar_island,
          uniq_jessica
D:4:      minmay_goblin_kobold_castle, layout_basic,
          nicolae_ru_the_path_less_chosen, uniq_blork_the_orc, uniq_menkaure

Skill      XL: |  1  2  3  4 |
---------------+-------------+-----
Spellcasting   | 5 |  5.1
Hexes          | 2 |  2.0
Fire Magic     | 1 2 |  2.5
Poison Magic   | 1 |  1.0
Air Magic      | 1 |  1.0
Conjurations   | 2 |  2.0
Summonings     | 2 |  2.0
Dodging        | |  2.4
Stealth        | |  2.4
Translocations | |  1.3
Evocations     | |  0.2

Action                   |  1- 3 |  4- 6 || total
-------------------------+-------+-------++-------
Melee: Dagger            |    55 |       ||    55
       Punch             |     1 |       ||     1
       Staff             |     8 |    55 ||    63
 Cast: Magic Dart        |    45 |    33 ||    78
       Call Imp          |    11 |    15 ||    26
       Slow              |       |     1 ||     1
       Blink             |       |     1 ||     1
  Use: Scroll            |     2 |     3 ||     5
 Stab: Sleeping          |     5 |     1 ||     6
Armor: Robe              |    17 |    15 ||    32
Dodge: Dodged            |    51 |    33 ||    84

Table legend: (Time is in decaauts)
 A = Elapsed time spent in this place.
 B = Non-inter-level travel time spent in this place.
 C = Inter-level travel time spent in this place.
 D = Time resting spent in this place.
 E = Time spent auto-exploring this place.
 F = Levels seen in this place.
 G = Mean time per level.
                   A        B        C        D        E       F      G
               +--------+--------+--------+--------+--------+-----+--------+
         Total |   3406 |   3287 |    119 |    810 |   1601 |   4 |  851.5 |
       Dungeon |   3406 |   3287 |    119 |    810 |   1601 |   4 |  851.5 |
               +--------+--------+--------+--------+--------+-----+--------+

Top non-repeatable levels by time:
     D:3: 1496 daAuts
     D:1: 1094 daAuts
     D:2: 773 daAuts
     D:4: 42 daAuts
